TOP OF THE 1ST |
Geneva Red Legs batting - Pitching for Aberdeen Ironbirds : RHP Jose Mesa
|
Pitching: RHP Jose Mesa
|
|
Batting: RHB Bob Brower
|
0-0: Called Strike 0-1: Ball 1-1: Ground out 6-3 (Groundball, 56, EV 85.6 MPH)
|
Batting: LHB Orsino Hill
|
0-0: Ball 1-0: Foul Ball, location: 2F 1-1: Called Strike 1-2: DOUBLE (Line Drive, 7LM, EV 106.9 MPH)
|
Batting: LHB Mike Kingery
|
0-0: Called Strike Orsino Hill is caught stealing 3rd base 2-5 0-1: Ball 1-1: Fly out, F2 (Popup, 23F, EV 81.3 MPH)
|
Top of the 1st over - 0 runs, 1 hit, 0 errors, 0 left on base; Geneva 0 - Aberdeen 0 |
BOTTOM OF THE 1ST |
Aberdeen Ironbirds batting - Pitching for Geneva Red Legs : LHP Joaquin Torres
|
Pitching: LHP Joaquin Torres
|
|
Batting: RHB Craig Kornfeld
|
0-0: Foul Ball, location: 2F 0-1: Ball 1-1: Foul Ball, location: 2F 1-2: Foul Ball, location: 2F 1-2: Ground out 4-3 (Groundball, 34, EV 81.9 MPH)
|
Batting: RHB Arturo Leija
|
0-0: Ball 1-0: Called Strike 1-1: Ground out 5-3 (Groundball, 56S, EV 78.8 MPH)
|
Batting: SHB Nelson Simmons
|
0-0: Called Strike 0-1: Ball 1-1: Ground out 6-3 (Groundball, 6, EV 108.1 MPH)
|
Bottom of the 1st over - 0 runs, 0 hits, 0 errors, 0 left on base; Geneva 0 - Aberdeen 0 |
TOP OF THE 2ND |
Geneva Red Legs batting - Pitching for Aberdeen Ironbirds : RHP Jose Mesa
|
Batting: RHB Dave Keller
|
0-0: Ball 1-0: Ball 2-0: Called Strike 2-1: Ball 3-1: Base on Balls
|
Batting: SHB Juan Castillo
|
0-0: Called Strike 0-1: Ball 1-1: Ball 2-1: SINGLE (Line Drive, 78M, EV 95.0 MPH) Dave Keller to second
|
Batting: RHB Victor Mendoza
|
0-0: Ball 1-0: Foul Ball, location: 2F 1-1: SINGLE (Groundball, 34S, EV 80.6 MPH) (infield hit) Dave Keller to third Juan Castillo to second
|
Batting: RHB Ricky Velasquez
|
0-0: DOUBLE (Line Drive, 9LD, EV 102.5 MPH) Dave Keller scores Juan Castillo scores Victor Mendoza to third
|
Batting: LHB Juan Araujo
|
0-0: SINGLE (Groundball, 3D, EV 101.3 MPH) Victor Mendoza scores Ricky Velasquez to third
|
Batting: RHB Danny Reyes
|
0-0: Ball 1-0: Ball 2-0: Ball 3-0: Called Strike 3-1: DOUBLE (Flyball, 8RD, EV 95.6 MPH) Ricky Velasquez scores Juan Araujo to third
|
Batting: RHB Bob Brower
|
0-0: Called Strike 0-1: Ball 1-1: Called Strike 1-2: Ball 2-2: Ball 3-2: Strikes out swinging
|
Batting: LHB Orsino Hill
|
0-0: Ball 1-0: Ball 2-0: Ball 3-0: Called Strike 3-1: Base on Balls
|
Batting: LHB Mike Kingery
|
0-0: Called Strike 0-1: Swinging Strike 0-2: Grounds into fielders choice 1-2 (Groundball, P, EV 68.8 MPH) Danny Reyes to third Orsino Hill to second
|
Batting: RHB Dave Keller
|
0-0: Ball 1-0: Foul Ball, location: 2F 1-1: Ball 2-1: SINGLE (Flyball, 4D, EV 94.4 MPH) Danny Reyes scores Orsino Hill to third Mike Kingery to second Runner from 3rd tries for Home, SAFE, throw by CF to home
|
Pitching: RHP Jack Smith
|
|
Batting: SHB Juan Castillo
|
0-0: Ball 1-0: Ball 2-0: Ground out 4-3 (Groundball, 4, EV 83.1 MPH)
|
Top of the 2nd over - 6 runs, 6 hits, 0 errors, 2 left on base; Geneva 6 - Aberdeen 0 |
BOTTOM OF THE 2ND |
Aberdeen Ironbirds batting - Pitching for Geneva Red Legs : LHP Joaquin Torres
|
Batting: RHB Victor Trujillo
|
0-0: Ground out 6-3 (Groundball, 6, EV 89.4 MPH)
|
Batting: RHB Harry Francis
|
0-0: Foul Ball, location: 2F 0-1: Swinging Strike 0-2: Fly out, F8 (Flyball, 89D, EV 96.3 MPH)
|
Batting: RHB Dan Cataline
|
0-0: Ball 1-0: Fly out, F8 (Flyball, 8LD, EV 100.0 MPH)
|
Bottom of the 2nd over - 0 runs, 0 hits, 0 errors, 0 left on base; Geneva 6 - Aberdeen 0 |
TOP OF THE 3RD |
Geneva Red Legs batting - Pitching for Aberdeen Ironbirds : RHP Jack Smith
|
Batting: RHB Victor Mendoza
|
0-0: Ball 1-0: Fly out, F9 (Flyball, 9, EV 84.4 MPH)
|
Batting: RHB Ricky Velasquez
|
0-0: Swinging Strike 0-1: Called Strike 0-2: Ground out 4-3 (Groundball, 4S, EV 77.5 MPH)
|
Batting: LHB Juan Araujo
|
0-0: Called Strike 0-1: Swinging Strike 0-2: Foul Ball, location: 2F 0-2: Strikes out looking
|
Top of the 3rd over - 0 runs, 0 hits, 0 errors, 0 left on base; Geneva 6 - Aberdeen 0 |
BOTTOM OF THE 3RD |
Aberdeen Ironbirds batting - Pitching for Geneva Red Legs : LHP Joaquin Torres
|
Batting: RHB Mark Bonner
|
0-0: Ball 1-0: Called Strike 1-1: Swinging Strike 1-2: Strikes out swinging
|
Batting: RHB Ric Wilson
|
0-0: Called Strike 0-1: Ball 1-1: Fly out, F8 (Flyball, 8RXD, EV 90.0 MPH)
|
Batting: SHB Kurt Stillwell
|
0-0: Called Strike 0-1: Ball 1-1: Ball 2-1: Called Strike 2-2: Ground out 4-3 (Groundball, 4, EV 104.4 MPH)
|
Bottom of the 3rd over - 0 runs, 0 hits, 0 errors, 0 left on base; Geneva 6 - Aberdeen 0 |
TOP OF THE 4TH |
Geneva Red Legs batting - Pitching for Aberdeen Ironbirds : RHP Jack Smith
|
Batting: RHB Danny Reyes
|
0-0: Called Strike 0-1: Called Strike 0-2: Ball 1-2: Strikes out swinging
|
Batting: RHB Bob Brower
|
0-0: Ball 1-0: Ball 2-0: Called Strike 2-1: Ball 3-1: Base on Balls
|
Batting: LHB Orsino Hill
|
0-0: Ball Bob Brower is caught stealing 2nd base 2-6 1-0: Swinging Strike 1-1: Ball 2-1: Fly out, F8 (Line Drive, 8LD, EV 90.6 MPH)
|
Top of the 4th over - 0 runs, 0 hits, 0 errors, 0 left on base; Geneva 6 - Aberdeen 0 |
BOTTOM OF THE 4TH |
Aberdeen Ironbirds batting - Pitching for Geneva Red Legs : LHP Joaquin Torres
|
Batting: RHB Craig Kornfeld
|
0-0: Ball 1-0: Ground out 6-3 (Groundball, 6, EV 90.0 MPH)
|
Batting: RHB Arturo Leija
|
0-0: Foul Ball, location: 2F 0-1: Ground out 5-3 (Groundball, 56, EV 96.9 MPH)
|
Batting: SHB Nelson Simmons
|
0-0: Ball 1-0: Swinging Strike 1-1: Ball 2-1: Ball 3-1: SINGLE (Line Drive, 8RS, EV 98.8 MPH)
|
Batting: RHB Victor Trujillo
|
0-0: Ball 1-0: Ball 2-0: Ball 3-0: Called Strike 3-1: Foul Ball, location: 2F 3-2: Base on Balls Nelson Simmons to second
|
Batting: RHB Harry Francis
|
0-0: Ball 1-0: Called Strike 1-1: Ball 2-1: Called Strike 2-2: Fly out, F6 (Flyball, 5D, EV 90.0 MPH)
|
Bottom of the 4th over - 0 runs, 1 hit, 0 errors, 2 left on base; Geneva 6 - Aberdeen 0 |
TOP OF THE 5TH |
Geneva Red Legs batting - Pitching for Aberdeen Ironbirds : RHP Jack Smith
|
Batting: LHB Mike Kingery
|
0-0: Called Strike 0-1: Called Strike 0-2: Ground out 4-3 (Groundball, 34, EV 92.5 MPH)
|
Batting: RHB Dave Keller
|
0-0: Called Strike 0-1: Foul Ball, location: 2F 0-2: Ball 1-2: Fly out, F8 (Flyball, 8RM, EV 81.9 MPH)
|
Batting: SHB Juan Castillo
|
0-0: Ball 1-0: Fly out, F8 (Line Drive, 8LM, EV 93.8 MPH)
|
Top of the 5th over - 0 runs, 0 hits, 0 errors, 0 left on base; Geneva 6 - Aberdeen 0 |
BOTTOM OF THE 5TH |
Aberdeen Ironbirds batting - Pitching for Geneva Red Legs : LHP Joaquin Torres
|
Batting: RHB Dan Cataline
|
0-0: Ball 1-0: Ground out 6-3 (Groundball, 6S, EV 90.0 MPH)
|
Batting: RHB Mark Bonner
|
0-0: Ball 1-0: Ball 2-0: Ball 3-0: Called Strike 3-1: Ground out U3 (Groundball, 34, EV 104.4 MPH)
|
Batting: RHB Ric Wilson
|
0-0: Ground out 6-3 (Groundball, 6, EV 85.6 MPH)
|
Bottom of the 5th over - 0 runs, 0 hits, 0 errors, 0 left on base; Geneva 6 - Aberdeen 0 |
TOP OF THE 6TH |
Geneva Red Legs batting - Pitching for Aberdeen Ironbirds : RHP Jack Smith
|
Batting: RHB Victor Mendoza
|
0-0: Called Strike 0-1: Ball 1-1: Ground out 6-3 (Groundball, 6M, EV 88.1 MPH)
|
Batting: RHB Ricky Velasquez
|
0-0: Called Strike 0-1: Ball 1-1: Ball 2-1: Ground out 6-3 (Groundball, 6, EV 96.9 MPH)
|
Batting: LHB Juan Araujo
|
0-0: Called Strike 0-1: Ball 1-1: Fly out, F9 (Flyball, 9D, EV 93.8 MPH)
|
Top of the 6th over - 0 runs, 0 hits, 0 errors, 0 left on base; Geneva 6 - Aberdeen 0 |
BOTTOM OF THE 6TH |
Aberdeen Ironbirds batting - Pitching for Geneva Red Legs : LHP Joaquin Torres
|
Batting: SHB Kurt Stillwell
|
0-0: Foul Ball, location: 2F 0-1: Foul Ball, location: 2F 0-2: Ground out 1-3 (Groundball, 34S, EV 68.1 MPH)
|
Batting: RHB Craig Kornfeld
|
0-0: Ball 1-0: Fly out, F8 (Flyball, 8LD, EV 86.9 MPH)
|
Batting: RHB Arturo Leija
|
0-0: Ball 1-0: Foul Ball, location: 2F 1-1: Foul Ball, location: 2F 1-2: Foul Ball, location: 2F 1-2: Foul Ball, location: 2F 1-2: Ground out 1-3 (Groundball, 25, EV 72.5 MPH)
|
Bottom of the 6th over - 0 runs, 0 hits, 0 errors, 0 left on base; Geneva 6 - Aberdeen 0 |
TOP OF THE 7TH |
Geneva Red Legs batting - Pitching for Aberdeen Ironbirds : RHP Jack Smith
|
Batting: RHB Danny Reyes
|
0-0: Foul Ball, location: 2F 0-1: Swinging Strike 0-2: Ball 1-2: Ball 2-2: Ball 3-2: Strikes out swinging
|
Pitching: RHP Kernan Ronan
|
|
Batting: RHB Bob Brower
|
0-0: TRIPLE (Line Drive, 78XD, EV 102.5 MPH)
|
Batting: LHB Orsino Hill
|
0-0: Ball 1-0: Called Strike 1-1: Ball 2-1: Foul Ball, location: 2F 2-2: Fly out, F9 (Flyball, 9LS, EV 88.1 MPH)
|
Batting: LHB Mike Kingery
|
0-0: Called Strike 0-1: Foul Ball, location: 2F 0-2: Strikes out swinging
|
Top of the 7th over - 0 runs, 1 hit, 0 errors, 1 left on base; Geneva 6 - Aberdeen 0 |
BOTTOM OF THE 7TH |
Aberdeen Ironbirds batting - Pitching for Geneva Red Legs : LHP Joaquin Torres
|
Batting: SHB Nelson Simmons
|
0-0: Foul Ball, location: 2F 0-1: Foul Ball, location: 2F 0-2: Strikes out looking
|
Batting: RHB Victor Trujillo
|
0-0: Ball 1-0: Ball 2-0: Ball 3-0: Called Strike 3-1: Foul Ball, location: 2F 3-2: Foul Ball, location: 2F 3-2: Base on Balls
|
Batting: RHB Harry Francis
|
0-0: Called Strike 0-1: Called Strike 0-2: Fly out, F8 (Flyball, 8LD, EV 98.1 MPH)
|
Batting: RHB Dan Cataline
|
0-0: Fielders Choice at 2nd, 6-4 (Groundball, 6, EV 87.5 MPH)
|
Bottom of the 7th over - 0 runs, 0 hits, 0 errors, 1 left on base; Geneva 6 - Aberdeen 0 |
TOP OF THE 8TH |
Geneva Red Legs batting - Pitching for Aberdeen Ironbirds : RHP Kernan Ronan
|
Batting: RHB Dave Keller
|
0-0: Swinging Strike 0-1: Ball 1-1: SOLO HOME RUN (Flyball, 7D, EV 99.4 MPH), Distance : 393 ft
|
Batting: SHB Juan Castillo
|
0-0: SINGLE (Groundball, 6D, EV 103.1 MPH)
|
Batting: RHB Victor Mendoza
|
0-0: Called Strike 0-1: SINGLE (Groundball, 6MD, EV 96.9 MPH) Juan Castillo to second
|
Batting: RHB Ricky Velasquez
|
0-0: Ball 1-0: Foul Ball, location: 2F 1-1: Ball 2-1: Foul Ball, location: 2F 2-2: Foul Ball, location: 2F 2-2: Foul Ball, location: 2F 2-2: Foul Ball, location: 2F 2-2: Ball 3-2: Foul Ball, location: 2F 3-2: Base on Balls Juan Castillo to third Victor Mendoza to second
|
Batting: LHB Juan Araujo
|
0-0: Ball 1-0: Foul Ball, location: 2F 1-1: Called Strike 1-2: Strikes out swinging
|
Batting: RHB Danny Reyes
|
0-0: Ball 1-0: Ball 2-0: SINGLE (Line Drive, 9S, EV 109.4 MPH) Juan Castillo scores Victor Mendoza to third Ricky Velasquez to second Runner from 3rd tries for Home, SAFE, throw by RF to home
|
Batting: RHB Bob Brower
|
0-0: Ball 1-0: Called Strike 1-1: Ball 2-1: Foul Ball, location: 2F 2-2: Strikes out swinging
|
Batting: LHB Orsino Hill
|
0-0: Ball 1-0: Called Strike 1-1: Foul Ball, location: 2F 1-2: Strikes out swinging
|
Top of the 8th over - 3 runs, 4 hits, 0 errors, 2 left on base; Geneva 9 - Aberdeen 0 |
BOTTOM OF THE 8TH |
Aberdeen Ironbirds batting - Pitching for Geneva Red Legs : LHP Joaquin Torres
|
Batting: RHB Mark Bonner
|
0-0: Called Strike 0-1: Swinging Strike 0-2: Ball 1-2: Ball 2-2: Ball 3-2: Strikes out swinging
|
Batting: RHB Ric Wilson
|
0-0: Ball 1-0: Ball 2-0: Ball 3-0: Called Strike 3-1: Called Strike 3-2: Base on Balls
|
Batting: SHB Kurt Stillwell
|
0-0: Fly out, F9 (Flyball, 9D, EV 78.8 MPH)
|
Batting: RHB Craig Kornfeld
|
0-0: Called Strike 0-1: Foul Ball, location: 2F 0-2: Foul Ball, location: 2F 0-2: 2-RUN HOME RUN (Flyball, 78XD, EV 105.0 MPH), Distance : 391 ft
|
Batting: RHB Arturo Leija
|
0-0: SINGLE (Line Drive, 6M, EV 96.9 MPH)
|
Batting: SHB Nelson Simmons
|
0-0: Called Strike 0-1: Ball 1-1: Ball 2-1: Foul Ball, location: 2F 2-2: Fly out, F8 (Flyball, 8RD, EV 104.4 MPH)
|
Bottom of the 8th over - 2 runs, 2 hits, 0 errors, 1 left on base; Geneva 9 - Aberdeen 2 |
TOP OF THE 9TH |
Geneva Red Legs batting - Pitching for Aberdeen Ironbirds : RHP Kernan Ronan
|
Pitching: RHP Steven Toporek
|
|
Batting: LHB Mike Kingery
|
0-0: Foul Ball, location: 2F 0-1: Foul Ball, location: 2F 0-2: Fly out, F8 (Line Drive, 8RM, EV 95.0 MPH)
|
Batting: RHB Dave Keller
|
0-0: Called Strike 0-1: Ball 1-1: Foul Ball, location: 2F 1-2: Foul Ball, location: 2F 1-2: Strikes out swinging
|
Batting: SHB Juan Castillo
|
0-0: Ball 1-0: Ball 2-0: Ground out 6-3 (Groundball, 6, EV 81.3 MPH)
|
Top of the 9th over - 0 runs, 0 hits, 0 errors, 0 left on base; Geneva 9 - Aberdeen 2 |
BOTTOM OF THE 9TH |
Aberdeen Ironbirds batting - Pitching for Geneva Red Legs : LHP Joaquin Torres
|
Batting: RHB Victor Trujillo
|
0-0: Called Strike 0-1: Swinging Strike 0-2: Ground out U3 (Groundball, 3, EV 96.9 MPH)
|
Pinch Hitting: LHB Bruce Lyon
|
0-0: Swinging Strike 0-1: Ball 1-1: Ball 2-1: Foul Ball, location: 2F 2-2: Ball 3-2: Base on Balls
|
Batting: RHB Dan Cataline
|
0-0: Ball 1-0: Foul Ball, location: 2F 1-1: Ball 2-1: Swinging Strike 2-2: Ball 3-2: Foul Ball, location: 2F 3-2: Foul Ball, location: 2F 3-2: Strikes out looking
|
Batting: RHB Mark Bonner
|
0-0: Ball 1-0: Called Strike 1-1: Foul Ball, location: 2F 1-2: Strikes out looking
|
Bottom of the 9th over - 0 runs, 0 hits, 0 errors, 1 left on base; Geneva 9 - Aberdeen 2 |
|